NYP
VERMONT LAKE MONSTERS @ CONNECTICUT TIGERS
07/07/2048
 
TOP OF THE 1ST
Vermont Lake Monsters batting - Pitching for Connecticut Tigers : LHP Pete Zamarron
Pitching: LHP Pete Zamarron
Batting: RHB Josh Mauer 0-0: Ball
1-0: Swinging Strike
1-1: Foul Ball, location: 2F
1-2: Fly out, F7 (Line Drive, 78M, EV 99.4 MPH)
Batting: RHB Chris Temple 0-0: Foul Ball, location: 2F
0-1: SINGLE (Groundball, 6MD, EV 105.6 MPH)
Batting: RHB Zachary Anderson 0-0: Foul Ball, location: 2F
0-1: Ball
1-1: Called Strike
1-2: Foul Ball, location: 2F
1-2: Foul Ball, location: 2F
1-2: Ball
2-2: Foul Ball, location: 2F
2-2: Foul Ball, location: 2F
2-2: Ball
3-2: Grounds into double play, 6-4-3 (Groundball, 6M, EV 98.8 MPH)
Top of the 1st over - 0 runs, 1 hit, 0 errors, 0 left on base; Vermont 0 - Connecticut 0
BOTTOM OF THE 1ST
Connecticut Tigers batting - Pitching for Vermont Lake Monsters : LHP Hector Perdomo
Pitching: LHP Hector Perdomo
Batting: RHB Janne Vihko 0-0: Ball
1-0: Ground out 4-3 (Groundball, 4, EV 80.0 MPH)
Batting: LHB Antonio Luis 0-0: Called Strike
0-1: Ball
1-1: Fly out, F8 (Flyball, 8LD, EV 105.6 MPH)
Batting: RHB Zack DiCicco 0-0: Foul Ball, location: 2F
0-1: Ball
1-1: DOUBLE (Line Drive, 9LS, EV 101.9 MPH)
Batting: LHB Afanasy Zasekin 0-0: Foul Ball, location: 2F
0-1: Ball
1-1: Foul Ball, location: 2F
1-2: Ball
2-2: Ground out 6-3 (Groundball, 6, EV 86.9 MPH)
Bottom of the 1st over - 0 runs, 1 hit, 0 errors, 1 left on base; Vermont 0 - Connecticut 0
TOP OF THE 2ND
Vermont Lake Monsters batting - Pitching for Connecticut Tigers : LHP Pete Zamarron
Batting: LHB Brian Puccio 0-0: Called Strike
0-1: Foul Ball, location: 2F
0-2: Strikes out swinging
Batting: RHB Chris Prinzing 0-0: Called Strike
0-1: Ball
1-1: Ball
2-1: Ball
3-1: Base on Balls
Batting: LHB Ed Talamantes 0-0: Swinging Strike
0-1: Foul Ball, location: 2F
0-2: Strikes out swinging
Batting: RHB Jon Coleman 0-0: Called Strike
0-1: Foul Ball, location: 2F
0-2: Ball
1-2: Foul Ball, location: 2F
1-2: Strikes out swinging
Top of the 2nd over - 0 runs, 0 hits, 0 errors, 1 left on base; Vermont 0 - Connecticut 0
BOTTOM OF THE 2ND
Connecticut Tigers batting - Pitching for Vermont Lake Monsters : LHP Hector Perdomo
Batting: RHB Jeremiah Washington 0-0: Called Strike
0-1: Swinging Strike
0-2: Foul Ball, location: 2F
0-2: Ball
1-2: Fly out, F9 (Flyball, 9, EV 94.4 MPH)
Batting: RHB Yankel Pensak 0-0: Swinging Strike
0-1: Ground out 5-3 (Groundball, 5, EV 86.2 MPH)
Batting: RHB Jordan Hall 0-0: Ball
1-0: Called Strike
1-1: Ball
2-1: Called Strike
2-2: Ball
3-2: Strikes out swinging
Bottom of the 2nd over - 0 runs, 0 hits, 0 errors, 0 left on base; Vermont 0 - Connecticut 0
TOP OF THE 3RD
Vermont Lake Monsters batting - Pitching for Connecticut Tigers : LHP Pete Zamarron
Batting: SHB Steve Salafia 0-0: Foul Ball, location: 2F
0-1: Ball
1-1: Ball
2-1: Called Strike
2-2: Strikes out swinging
Batting: RHB Sean Gould 0-0: Ball
1-0: SINGLE (Groundball, 5S, EV 63.8 MPH) (infield hit)
Batting: RHB Josh Mauer 0-0: Ball
1-0: Swinging Strike
1-1: Ball
2-1: Ball
3-1: Swinging Strike
3-2: Strikes out swinging
Batting: RHB Chris Temple 0-0: Ball
1-0: Ball
2-0: Foul Ball, location: 2F
2-1: Fly out, F9 (Flyball, 89M, EV 92.5 MPH)
Top of the 3rd over - 0 runs, 1 hit, 0 errors, 1 left on base; Vermont 0 - Connecticut 0
BOTTOM OF THE 3RD
Connecticut Tigers batting - Pitching for Vermont Lake Monsters : LHP Hector Perdomo
Batting: RHB Jonathan Ridgely 0-0: Ball
1-0: Called Strike
1-1: Ball
2-1: Swinging Strike
2-2: Strikes out swinging
Batting: SHB Ian Arlotta 0-0: Ball
1-0: Swinging Strike
1-1: Ball
2-1: Foul Ball, location: 2F
2-2: Ball
3-2: Foul Ball, location: 2F
3-2: Strikes out looking
Batting: RHB Janne Vihko 0-0: Called Strike
0-1: Swinging Strike
0-2: Ground out 5-3 (Groundball, 5, EV 85.0 MPH)
Bottom of the 3rd over - 0 runs, 0 hits, 0 errors, 0 left on base; Vermont 0 - Connecticut 0
TOP OF THE 4TH
Vermont Lake Monsters batting - Pitching for Connecticut Tigers : LHP Pete Zamarron
Batting: RHB Zachary Anderson 0-0: Called Strike
0-1: Reached on error, E4 (Groundball, 4, EV 86.9 MPH)
Batting: LHB Brian Puccio 0-0: Called Strike
0-1: Foul Ball, location: 2F
0-2: Strikes out looking
Batting: RHB Chris Prinzing 0-0: Ball
1-0: Swinging Strike
1-1: Swinging Strike
1-2: Foul Ball, location: 2F
1-2: Strikes out swinging
Batting: LHB Ed Talamantes 0-0: SINGLE (Line Drive, 7S, EV 105.0 MPH)
Zachary Anderson to second
Batting: RHB Jon Coleman 0-0: Ball
1-0: Swinging Strike
1-1: Called Strike
1-2: Strikes out swinging
Top of the 4th over - 0 runs, 1 hit, 1 error, 2 left on base; Vermont 0 - Connecticut 0
BOTTOM OF THE 4TH
Connecticut Tigers batting - Pitching for Vermont Lake Monsters : LHP Hector Perdomo
Batting: LHB Antonio Luis 0-0: Ball
1-0: Ground out 4-3 (Groundball, 4, EV 80.6 MPH)
Batting: RHB Zack DiCicco 0-0: Ball
1-0: Ball
2-0: Ball
3-0: Called Strike
3-1: Foul Ball, location: 2F
3-2: Foul Ball, location: 2F
3-2: Strikes out looking
Batting: LHB Afanasy Zasekin 0-0: Swinging Strike
0-1: Ball
1-1: Called Strike
1-2: Ball
2-2: Fly out, F7 (Flyball, 78M, EV 87.5 MPH)
Bottom of the 4th over - 0 runs, 0 hits, 0 errors, 0 left on base; Vermont 0 - Connecticut 0
TOP OF THE 5TH
Vermont Lake Monsters batting - Pitching for Connecticut Tigers : LHP Pete Zamarron
Batting: SHB Steve Salafia 0-0: Called Strike
0-1: Ball
1-1: Swinging Strike
1-2: Fly out, F8 (Flyball, 8LD, EV 98.1 MPH)
Batting: RHB Sean Gould 0-0: Ball
1-0: Foul Ball, location: 2F
1-1: Foul Ball, location: 2F
1-2: DOUBLE (Line Drive, 9LS, EV 101.2 MPH)
Batting: RHB Josh Mauer 0-0: Called Strike
0-1: Called Strike
0-2: Ball
1-2: Strikes out swinging
Batting: RHB Chris Temple 0-0: Ball
1-0: Ball
2-0: Ground out 4-3 (Groundball, 4, EV 78.8 MPH)
Top of the 5th over - 0 runs, 1 hit, 0 errors, 1 left on base; Vermont 0 - Connecticut 0
BOTTOM OF THE 5TH
Connecticut Tigers batting - Pitching for Vermont Lake Monsters : LHP Hector Perdomo
Batting: RHB Jeremiah Washington 0-0: Called Strike
0-1: Ball
1-1: Ground out 6-3 (Groundball, 6, EV 86.9 MPH)
Batting: RHB Yankel Pensak 0-0: Swinging Strike
0-1: Ball
1-1: Swinging Strike
1-2: Ball
2-2: Strikes out swinging
Batting: RHB Jordan Hall 0-0: Foul Ball, location: 2F
0-1: Foul Ball, location: 2F
0-2: Ball
1-2: Fly out, F9 (Flyball, 9S, EV 86.9 MPH)
Bottom of the 5th over - 0 runs, 0 hits, 0 errors, 0 left on base; Vermont 0 - Connecticut 0
TOP OF THE 6TH
Vermont Lake Monsters batting - Pitching for Connecticut Tigers : LHP Pete Zamarron
Batting: RHB Zachary Anderson 0-0: Ball
1-0: Called Strike
1-1: Fly out, F8 (Flyball, 8LM, EV 80.6 MPH)
Batting: LHB Brian Puccio 0-0: Ball
1-0: Ground out 4-3 (Groundball, 34, EV 93.1 MPH)
Batting: RHB Chris Prinzing 0-0: Swinging Strike
0-1: Ball
1-1: Called Strike
1-2: Strikes out swinging
Top of the 6th over - 0 runs, 0 hits, 0 errors, 0 left on base; Vermont 0 - Connecticut 0
BOTTOM OF THE 6TH
Connecticut Tigers batting - Pitching for Vermont Lake Monsters : LHP Hector Perdomo
Batting: RHB Jonathan Ridgely 0-0: Ball
1-0: Swinging Strike
1-1: Ground out 2-3 (Groundball, 15S, EV 73.1 MPH)
Batting: SHB Ian Arlotta 0-0: Ball
1-0: Fly out, F7 (Line Drive, 5D, EV 66.9 MPH)
Batting: RHB Janne Vihko 0-0: Ball
1-0: Called Strike
1-1: Ball
2-1: Ground out 5-3 (Groundball, 56, EV 92.5 MPH)
Bottom of the 6th over - 0 runs, 0 hits, 0 errors, 0 left on base; Vermont 0 - Connecticut 0
TOP OF THE 7TH
Vermont Lake Monsters batting - Pitching for Connecticut Tigers : LHP Pete Zamarron
Batting: LHB Ed Talamantes 0-0: Ball
1-0: Foul Ball, location: 2F
1-1: Foul Ball, location: 2F
1-2: Ball
2-2: Ball
3-2: Foul Ball, location: 2F
3-2: Ground out 6-3 (Groundball, P, EV 90.6 MPH)
Batting: RHB Jon Coleman 0-0: Ball
1-0: Called Strike
1-1: Called Strike
1-2: Strikes out swinging
Batting: SHB Steve Salafia 0-0: Reached on error, E5 (Groundball, 5L, EV 88.1 MPH)
Batting: RHB Sean Gould 0-0: Foul Ball, location: 2F
0-1: Swinging Strike
0-2: Foul Ball, location: 2F
0-2: Ball
1-2: Foul Ball, location: 2F
1-2: Foul Ball, location: 2F
1-2: Ball
2-2: Foul Ball, location: 2F
2-2: Ball
3-2: Ground out 5-3 (Groundball, 5, EV 91.2 MPH)
Top of the 7th over - 0 runs, 0 hits, 1 error, 1 left on base; Vermont 0 - Connecticut 0
BOTTOM OF THE 7TH
Connecticut Tigers batting - Pitching for Vermont Lake Monsters : LHP Hector Perdomo
Pitching: RHP Pedro Taveras
Batting: LHB Antonio Luis 0-0: Ground out U3 (Groundball, 3, EV 107.5 MPH)
Batting: RHB Zack DiCicco 0-0: Called Strike
0-1: Swinging Strike
0-2: Ball
1-2: Ball
2-2: Ball
3-2: Foul Ball, location: 2F
3-2: Base on Balls
Batting: LHB Afanasy Zasekin 0-0: Foul Ball, location: 2F
0-1: Ball
1-1: Foul Ball, location: 2F
1-2: Foul Ball, location: 2F
1-2: Grounds into double play, 3-6-3 (Groundball, 3, EV 100.6 MPH)
Bottom of the 7th over - 0 runs, 0 hits, 0 errors, 0 left on base; Vermont 0 - Connecticut 0
TOP OF THE 8TH
Vermont Lake Monsters batting - Pitching for Connecticut Tigers : LHP Pete Zamarron
Pitching: LHP Victor Villarreal
Batting: RHB Josh Mauer 0-0: Called Strike
0-1: Foul Ball, location: 2F
0-2: Ball
1-2: Foul Ball, location: 2F
1-2: Ball
2-2: Fly out, F7 (Flyball, 78D, EV 98.8 MPH)
Batting: RHB Chris Temple 0-0: Called Strike
0-1: Ball
1-1: SINGLE (Groundball, 6MD, EV 108.1 MPH)
Batting: RHB Zachary Anderson 0-0: Ball
1-0: Foul Ball, location: 2F
1-1: Ball
2-1: Ball
3-1: Foul Ball, location: 2F
3-2: Foul Ball, location: 2F
3-2: Fly out, F7 (Flyball, 78M, EV 76.9 MPH)
Pinch Hitting: RHB Jonathan Ellis 0-0: Called Strike
0-1: Called Strike
0-2: Foul Ball, location: 2F
0-2: Strikes out looking
Top of the 8th over - 0 runs, 1 hit, 0 errors, 1 left on base; Vermont 0 - Connecticut 0
BOTTOM OF THE 8TH
Connecticut Tigers batting - Pitching for Vermont Lake Monsters : RHP Pedro Taveras
Now at 1B: Igor Ciobanu
Batting: RHB Jeremiah Washington 0-0: Ball
1-0: Called Strike
1-1: Swinging Strike
1-2: Strikes out swinging
Batting: RHB Yankel Pensak 0-0: Ball
1-0: Ball
2-0: Ball
3-0: Base on Balls
Batting: RHB Jordan Hall
Pinch Hitting: RHB Jaden Warrior 0-0: Foul Ball, location: 2F
0-1: Swinging Strike
0-2: Ball
1-2: Ball
2-2: Ball
3-2: Foul Ball, location: 2F
3-2: Base on Balls
Yankel Pensak to second
Pitching: RHP Jimmy Tasso
Pinch Hitting: RHB Khalil Coleman 0-0: Swinging Strike
0-1: Called Strike
0-2: Strikes out swinging
Batting: SHB Ian Arlotta 0-0: Ball
1-0: Ball
2-0: Ball
3-0: Base on Balls
Yankel Pensak to third
Jaden Warrior to second
Batting: RHB Janne Vihko 0-0: Swinging Strike
0-1: Called Strike
0-2: Strikes out swinging
Bottom of the 8th over - 0 runs, 0 hits, 0 errors, 3 left on base; Vermont 0 - Connecticut 0
TOP OF THE 9TH
Vermont Lake Monsters batting - Pitching for Connecticut Tigers : LHP Victor Villarreal
Now at C: Tokugoro Adachi
Now at 3B: Zach Rose
Pinch Hitting: LHB Nate Melendez 0-0: Called Strike
0-1: Foul Ball, location: 2F
0-2: Ball
1-2: Foul Ball, location: 2F
1-2: Ball
2-2: Ball
3-2: Fly out, F8 (Flyball, 8LM, EV 88.1 MPH)
Batting: LHB Ed Talamantes 0-0: Ball
1-0: Foul Ball, location: 2F
1-1: Ball
2-1: Foul Ball, location: 2F
2-2: Ball
3-2: Base on Balls
Batting: RHB Jon Coleman 0-0: Foul Ball, location: 2F
0-1: Ball
1-1: SINGLE (Line Drive, 34, EV 98.1 MPH)
Ed Talamantes to second
Pitching: RHP Larry Mathieu
Batting: SHB Steve Salafia 0-0: Called Strike
0-1: Called Strike
0-2: Strikes out swinging
Batting: RHB Sean Gould 0-0: Foul Ball, location: 2F
0-1: Ball
1-1: Ball
2-1: Ball
3-1: SINGLE (Groundball, 34D, EV 95.0 MPH)
Ed Talamantes to third
Jon Coleman to second
Runner from 3rd tries for Home, SAFE, throw by RF to home
Pinch Hitting: SHB Matt Sybrant 0-0: Called Strike
0-1: Ball
1-1: Foul Ball, location: 2F
1-2: Ball
2-2: Hit by Pitch
Jon Coleman to third
Sean Gould to second
Batting: RHB Chris Temple 0-0: Foul Ball, location: 2F
0-1: Ball
1-1: Ball
2-1: Called Strike
2-2: Foul Ball, location: 2F
2-2: Strikes out swinging
Top of the 9th over - 1 run, 2 hits, 0 errors, 3 left on base; Vermont 1 - Connecticut 0
BOTTOM OF THE 9TH
Connecticut Tigers batting - Pitching for Vermont Lake Monsters : RHP Jimmy Tasso
Now at 3B: Alberto Malagon
Now at SS: Jake Leffel
Now in RF: Walt Alaniz
Batting: LHB Antonio Luis 0-0: Foul Ball, location: 2F
0-1: Ball
1-1: Foul Ball, location: 2F
1-2: Ball
2-2: DOUBLE (Line Drive, 7LD, EV 101.2 MPH)
Batting: RHB Zack DiCicco 0-0: Fly out, F7 (Flyball, 7S, EV 83.1 MPH)
Batting: LHB Afanasy Zasekin 0-0: Ball
1-0: Foul Ball, location: 2F
1-1: Called Strike
1-2: Ball
2-2: Foul Ball, location: 2F
2-2: Ball
3-2: SINGLE (Groundball, 34D, EV 103.8 MPH)
Antonio Luis to third
Runner from 3rd tries for Home, SAFE, throw by RF to home
Afanasy Zasekin to second
Batting: RHB Jeremiah Washington 0-0: Foul Ball, location: 2F
0-1: Ball
1-1: Swinging Strike
1-2: Strikes out swinging
Batting: RHB Yankel Pensak 0-0: Ball
1-0: Called Strike
1-1: Called Strike
1-2: Ball
2-2: Ball
3-2: Fly out, F7 (Flyball, 7, EV 76.2 MPH)
Bottom of the 9th over - 1 run, 2 hits, 0 errors, 1 left on base; Vermont 1 - Connecticut 1
TOP OF THE 10TH
Vermont Lake Monsters batting - Pitching for Connecticut Tigers : RHP Larry Mathieu
Batting: RHB Walt Alaniz 0-0: Ball
1-0: Called Strike
1-1: Foul Ball, location: 2F
1-2: Strikes out swinging
Batting: LHB Igor Ciobanu 0-0: Called Strike
0-1: Ball
1-1: Ball
2-1: Swinging Strike
2-2: Ball
3-2: Base on Balls
Pitching: RHP Ramiro Silva
Batting: RHB Jake Leffel 0-0: Called Strike
0-1: Called Strike
0-2: Strikes out swinging
Batting: LHB Ed Talamantes 0-0: Ball
1-0: Foul Ball, location: 2F
1-1: Foul Ball, location: 2F
1-2: Strikes out swinging
Top of the 10th over - 0 runs, 0 hits, 0 errors, 1 left on base; Vermont 1 - Connecticut 1
BOTTOM OF THE 10TH
Connecticut Tigers batting - Pitching for Vermont Lake Monsters : RHP Jimmy Tasso
Batting: LHB Tokugoro Adachi 0-0: Ball
1-0: Called Strike
1-1: Swinging Strike
1-2: Strikes out swinging
Batting: LHB Zach Rose 0-0: Ball
1-0: Ball
2-0: Ball
3-0: Base on Balls
Pitching: RHP Emanuel Andrade
Batting: SHB Ian Arlotta 0-0: Ball
1-0: Foul Ball, location: 2F
1-1: Called Strike
1-2: Strikes out looking
Batting: RHB Janne Vihko 0-0: SINGLE (Groundball, 6MD, EV 100.0 MPH)
Zach Rose to second
Runner from 2nd tries for 3rd, SAFE, throw by CF made to third
Batting: LHB Antonio Luis 0-0: Foul Ball, location: 2F
0-1: Swinging Strike
0-2: Strikes out swinging
Bottom of the 10th over - 0 runs, 1 hit, 0 errors, 2 left on base; Vermont 1 - Connecticut 1
TOP OF THE 11TH
Vermont Lake Monsters batting - Pitching for Connecticut Tigers : RHP Ramiro Silva
Batting: RHB Jon Coleman 0-0: Ball
1-0: Ball
2-0: Ball
3-0: Base on Balls
Batting: SHB Steve Salafia 0-0: Ball
1-0: Foul Ball, location: 2F
1-1: Swinging Strike
1-2: Hit by Pitch
Jon Coleman to second
Batting: RHB Sean Gould 0-0: Swinging Strike
0-1: Ball
1-1: Foul Ball, location: 2F
1-2: Strikes out swinging
Batting: RHB Alberto Malagon 0-0: Called Strike
0-1: Swinging Strike
0-2: Strikes out looking
Batting: RHB Chris Temple 0-0: Called Strike
0-1: Fly out, F9 (Flyball, 89M, EV 92.5 MPH)
Top of the 11th over - 0 runs, 0 hits, 0 errors, 2 left on base; Vermont 1 - Connecticut 1
BOTTOM OF THE 11TH
Connecticut Tigers batting - Pitching for Vermont Lake Monsters : RHP Emanuel Andrade
Batting: RHB Zack DiCicco 0-0: Ball
1-0: Foul Ball, location: 2F
1-1: Swinging Strike
1-2: Ground out 5-3 (Groundball, 56, EV 85.6 MPH)
Batting: LHB Afanasy Zasekin 0-0: Called Strike
0-1: Ball
1-1: Called Strike
1-2: Ball
2-2: Ball
3-2: Base on Balls
Batting: RHB Jeremiah Washington 0-0: Called Strike
0-1: Swinging Strike
0-2: Hit by Pitch
Afanasy Zasekin to second
Batting: RHB Yankel Pensak 0-0: Ball
1-0: Called Strike
1-1: Called Strike
1-2: Strikes out swinging
Batting: LHB Tokugoro Adachi 0-0: Swinging Strike
0-1: Ball
1-1: Foul Ball, location: 2F
1-2: Ground out U3 (Groundball, 34S, EV 93.1 MPH)
Bottom of the 11th over - 0 runs, 0 hits, 0 errors, 2 left on base; Vermont 1 - Connecticut 1
TOP OF THE 12TH
Vermont Lake Monsters batting - Pitching for Connecticut Tigers : RHP Ramiro Silva
Batting: RHB Walt Alaniz 0-0: Ground out 5-3 (Groundball, 56S, EV 78.1 MPH)
Batting: LHB Igor Ciobanu 0-0: Ball
1-0: Swinging Strike
1-1: Called Strike
1-2: Strikes out swinging
Batting: RHB Jake Leffel 0-0: Hit by Pitch
Batting: LHB Ed Talamantes 0-0: Called Strike
0-1: Swinging Strike
0-2: Strikes out looking
Top of the 12th over - 0 runs, 0 hits, 0 errors, 1 left on base; Vermont 1 - Connecticut 1
BOTTOM OF THE 12TH
Connecticut Tigers batting - Pitching for Vermont Lake Monsters : RHP Emanuel Andrade
Batting: LHB Zach Rose 0-0: Called Strike
0-1: Ball
1-1: Foul Ball, location: 2F
1-2: Strikes out looking
Batting: SHB Ian Arlotta 0-0: Ball
1-0: Foul Ball, location: 2F
1-1: Ball
2-1: Swinging Strike
2-2: Ball
3-2: Base on Balls
Batting: RHB Janne Vihko 0-0: Ground out 5-3 (Groundball, 56S, EV 70.6 MPH)
Ian Arlotta to second
Batting: LHB Antonio Luis 0-0: Intentional Walk
Pitching: LHP Adam Wood
Batting: RHB Zack DiCicco 0-0: Swinging Strike
0-1: Ball
1-1: Ball
2-1: Foul Ball, location: 2F
2-2: Fielders Choice at 2nd, 6-4 (Groundball, 56, EV 82.5 MPH)
Bottom of the 12th over - 0 runs, 0 hits, 0 errors, 2 left on base; Vermont 1 - Connecticut 1
TOP OF THE 13TH
Vermont Lake Monsters batting - Pitching for Connecticut Tigers : RHP Ramiro Silva
Batting: RHB Jon Coleman 0-0: Called Strike
0-1: Ball
1-1: Ball
2-1: Fly out, F7 (Flyball, 78M, EV 88.8 MPH)
Batting: SHB Steve Salafia 0-0: Called Strike
0-1: Ground out 3-1 (Groundball, 34S, EV 88.8 MPH)
Batting: RHB Sean Gould 0-0: Ball
1-0: Called Strike
1-1: Ball
2-1: Foul Ball, location: 2F
2-2: Ground out 5-3 (Groundball, 56, EV 103.1 MPH)
Top of the 13th over - 0 runs, 0 hits, 0 errors, 0 left on base; Vermont 1 - Connecticut 1
BOTTOM OF THE 13TH
Connecticut Tigers batting - Pitching for Vermont Lake Monsters : LHP Adam Wood
Batting: LHB Afanasy Zasekin 0-0: Called Strike
0-1: Called Strike
0-2: Strikes out swinging
Batting: RHB Jeremiah Washington 0-0: Called Strike
0-1: Ball
1-1: Ball
2-1: Ball
3-1: Base on Balls
Batting: RHB Yankel Pensak 0-0: Foul Ball, location: 2F
0-1: Ball
1-1: Ball
2-1: Ball
3-1: Fly out, F4 (Flyball, 34D, EV 96.2 MPH)
Pinch Hitting: RHB Juan Acero 0-0: Ball
1-0: Foul Ball, location: 2F
1-1: Ball
2-1: Ball
3-1: DOUBLE (Groundball, 5L, EV 105.6 MPH)
Jeremiah Washington to third
Runner from 3rd tries for Home, SAFE, no throw by LF
Bottom of the 13th over - 1 run, 1 hit, 0 errors, 1 left on base; Vermont 1 - Connecticut 2
Tuesday, March 28th , 2023 - OOTP Baseball 23.10 Build 110